 Dungeon Crawl Stone Soup version 0.30.0-29-ga12c61a403 (webtiles) character file.

Game seed: 7561380059397006766

128 cdecastro the Ruffian (level 4, -3/48 HPs)
             Began as a Troll Fighter on June 20, 2023.
             Slain by Sigmund
             ... wielding a +0 scythe of pain
              (8 damage)
             ... on level 2 of the Dungeon.
             The game lasted 00:02:37 (970 turns).

cdecastro the Ruffian (Troll Fighter)                Turns: 970, Time: 00:02:38

Health: -3/48      AC:  4    Str: 24    XL:     4   Next: 86%
Magic:  3/3        EV:  9    Int:  4    God:
Gold:   109        SH:  8    Dex: 11    Spells: 3/3 levels left

rFire   . .          .
                       - Unarmed
rCold   . . .        b - +0 kite shield
rNeg    . . .        a - +0 robe
rPois   .            (helmet restricted)
rElec   .            (no cloak)
rCorr   .            (gloves unavailable)
SInv    .            (boots unavailable)
Will    .....        (no amulet)
Stlth   +            (no ring)
HPRegen 1.08/turn    (no ring)
MPRegen 0.08/turn

%: no passive effects
@: no status effects
A: large, unfitting armour, claws 3, regeneration 1, shaggy fur 1, tough skin 1
a: no special abilities


You were on level 2 of the Dungeon.
You visited 1 branch of the dungeon, and saw 2 of its levels.

You collected 109 gold pieces.

Inventory:

Missiles
 d - 6 javelins (quivered)
Armour
 a - a +0 robe (worn)
 b - a +0 kite shield (worn)
Jewellery
 j - a ring of magical power
Scrolls
 e - a scroll of noise {unknown}
 g - 2 scrolls of identify {unknown}
 i - 3 scrolls of immolation {unknown}
 k - a scroll of magic mapping {unknown}
Potions
 c - a potion of might
 f - 2 potions of brilliance {unknown}
 h - 2 potions of heal wounds


   Skills:
 + Level 3.7 Fighting
 - Level 2.4 Dodging
 - Level 2.6 Shields
 + Level 3.9 Unarmed Combat


You had 3 spell levels left.
You didn't know any spells.
Your spell library was empty.

Dungeon Overview and Level Annotations

Branches:
Dungeon (2/15)

Altars:

Annotations:
D:2 Sigmund


Innate Abilities, Weirdness & Mutations

You are too large for most types of armour.
You have claws for hands.
Your natural rate of healing is unusually fast.
You are covered in fur. (AC +1)
You have tough skin. (AC +1)


Message History

You kill the endoplasm!
The dart slug launches a dart at you. You block the slug dart.
You see here a ball python corpse.
The dart slug launches a dart at you. The slug dart hits you.
You claw the dart slug!
You kill the dart slug!
You see here a dart slug corpse.
Found an escape hatch in the ceiling.
Sigmund shouts!
Sigmund gestures at you while chanting. You resist with some effort.
Found 13 gold pieces.
Sigmund casts a spell at you.
You are confused.
Sigmund drinks a potion.
Sigmund flickers and vanishes!
Deactivating autopickup; reactivate with Ctrl-A.
Something hits you.
You're too confused to move!
Something hits you! Something hits you!
You writhe in agony.
You feel less confused. Something hits you. Something hits you!
* * * LOW HITPOINT WARNING * * *
You writhe in agony.
* * * LOW HITPOINT WARNING * * *
Something hits you!
* * * LOW HITPOINT WARNING * * *
You hear some strange, mumbled words.
Something tries to affect you, but you resist.
You scratch something. Something hits you.
* * * LOW HITPOINT WARNING * * *
You barely miss something. You barely miss something. Something hits you!
* * * LOW HITPOINT WARNING * * *
You scratch something. Something hits you!
* * * LOW HITPOINT WARNING * * *
You barely miss something. Something hits you!
You die...

#### ...# ####...#
######+#..+...
#.........#..
#...<......#
###..........########
...........{@..$.....
....?.........#####
#............#
#............#
#............#
#..(.........+
+............#
#............#
.....#..######...#


There were no monsters in sight!

Vanquished Creatures
  Terence (D:2)
  A gnoll (D:1)
  5 adders (D:2)
  2 dart slugs
  5 ball pythons
  7 endoplasms
  2 giant cockroaches (D:1)
  A goblin (D:1)
  4 hobgoblins
  2 quokkas
  3 bats (D:2)
  3 frilled lizards
  7 kobolds
  A rat (D:2)
44 creatures vanquished.

Notes
Turn   | Place    | Note
-------+----------+-------------------------------------------
     0 | D:1      | cdecastro the Troll Fighter began the quest for the Orb.
     0 | D:1      | Reached XP level 1. HP: 22/22 MP: 0/0
   140 | D:1      | Reached XP level 2. HP: 29/29 MP: 1/1
   562 | D:1      | Reached XP level 3. HP: 37/37 MP: 2/2
   790 | D:2      | Reached XP level 4. HP: 45/45 MP: 3/3
   837 | D:2      | Noticed Terence
   845 | D:2      | Killed Terence
   923 | D:2      | Noticed Sigmund
   970 | D:2      | Slain by Sigmund

Illustrated notes

Levels and vault maps discovered:
D:1:      matt_arrival_refuge, layout_basic, amcnicky_mini_rare_corridor_liquid,
          hex_medium, chequers_decorated_corner
D:2:      layout_basic, minmay_joined_circles, uniq_terence, uniq_sigmund

Skill      XL: |  1  2  3 |
---------------+----------+-----
Fighting       | 3 |  3.7
Unarmed Combat | 3 |  3.9
Dodging        | |  2.4
Shields        | |  2.6

Action                     |  1- 3 |  4- 6 || total
---------------------------+-------+-------++-------
  Melee: Unarmed           |    92 |    25 ||   117
 Armour: Robe              |    23 |     2 ||    25
  Dodge: Dodged            |    31 |     5 ||    36
  Block: Kite shield       |    21 |     9 ||    30
